 Dungeon Crawl Stone Soup version 0.27-a0-1278-g6cbc8dfb29 (webtiles) character file.

Game seed: 11506917389148685426

9 trckry the Grasshopper (level 2, 0/23 HPs)
             Began as a Barachi Warper on June 12, 2021.
             Slain by a jackal (2 damage)
             ... on level 1 of the Dungeon.
             The game lasted 00:01:41 (160 turns).

trckry the Grasshopper (Barachi Warper)              Turns: 160, Time: 00:01:42

Health: 0/23       AC:  3    Str: 12    XL:     2   Next: 12%
Magic:  5/5        EV: 11    Int: 13    God:
Gold:   17         SH:  0    Dex: 11    Spells: 5/5 levels left

rFire    . . .     SeeInvis .   a - +0 falchion
rCold    . . .     Faith    .   (no shield)
rNeg     . . .     Spirit   .   b - +0 leather armour
rPois    .         Reflect  .   (no helmet)
rElec    .         Harm     .   (no cloak)
rCorr    .         Rampage  .   (no gloves)
Will     .....                  (no boots)
Stlth    +.........             (no amulet)
HPRegen  0.07/turn              (no ring)
MPRegen  0.09/turn              (no ring)

@: slow
A: amphibious, slowness 1, strong legs 1, +LOS
a: Hop


You were on level 1 of the Dungeon.
You visited 1 branch of the dungeon, and saw 1 of its levels.

You collected 17 gold pieces.

Inventory:

Hand Weapons
 a - a +0 falchion (weapon)
Missiles
 e - 4 boomerangs of dispersal (quivered)
Armour
 b - a +0 leather armour (worn)
Scrolls
 c - a scroll of identify {unknown}
 d - a scroll of blinking


   Skills:
 - Level 2.4 Fighting
 * Level 3.0 Long Blades
 - Level 1.0 Throwing
 - Level 1.2 Armour
 - Level 2.1 Dodging
 - Level 2.1 Spellcasting
 * Level 3.6 Translocations


You had 5 spell levels left.
You didn't know any spells.
Your spell library contained the following spells:

 Spells                   Type           Power      Damage    Failure   Level
 Blink                    Tloc           N/A        N/A       11%         2
 Gell's Gravitas          Tloc           5%         N/A       22%         3
 Lesser Beckoning         Tloc           5%         N/A       22%         3
 Teleport Other           Tloc           10%        N/A       22%         3
 Manifold Assault         Tloc           10%        N/A       89%         5


Dungeon Overview and Level Annotations

Branches:
Dungeon (1/15)

Altars:


Innate Abilities, Weirdness & Mutations

You are amphibious.
You cover ground slowly.
You can hop short distances.
You have an extended range of vision and can be seen from far away.


Message History

You barely miss the jackal. The jackal barely misses you.
You barely miss the jackal.
The jackal bites you but does no damage.
The jackal bites you.
You take 1 damage, and have 7/23 hp.
You closely miss the jackal. The jackal bites you.
* * * LOW HITPOINT WARNING * * *
The jackal barely misses you.
You take 1 damage, and have 6/23 hp.
You hit the jackal.
The jackal is moderately wounded.
The jackal barely misses you.
You riposte.
You closely miss the jackal.
The jackal is moderately wounded.
You closely miss the jackal.
The jackal is moderately wounded.
The jackal bites you.
* * * LOW HITPOINT WARNING * * *
The jackal misses you.
You take 1 damage, and have 5/23 hp.
You hit the jackal.
The jackal is severely wounded.
The jackal bites you.
* * * LOW HITPOINT WARNING * * *
The jackal closely misses you.
You take 3 damage, and have 2/23 hp.
Throw: 5 boomerangs (disperse)
Press: ? - help, Q - select action, (/) - cycle Shift-Dir - straight line, f - jackal
Aim: a jackal (severely wounded, 47% to hit)
You throw a boomerang of dispersal.
The boomerang of dispersal closely misses the jackal.
The boomerang of dispersal hits the dart slug.
The dart slug blinks!
The dart slug is lightly wounded.
The jackal barely misses you.
You aren't carrying any potions.
You closely miss the jackal.
The jackal is severely wounded.
The jackal bites you but does no damage.
The jackal bites you.
You die...

#.###.#.##..#+#
#.#.....#...
#.#.......#
#.#.......#
###......##....
#.|..........#
#.###.#.#.#.#.#
#.###....(.. .
#@##.#.#.#.#.#.
#h##..........
#ยง#.#.#.#.#.#.#
#.#........ . .
#..#.#$#.#.#.#.
#)...w.........
##w.#.#.#r#.#?#
#........
##..#.#.#.#


You could see a dart slug and a jackal.

Vanquished Creatures
  2 ball pythons (D:1)
  A giant cockroach (D:1)
  A goblin (D:1)
  2 jackals (D:1)
  2 bats (D:1)
8 creatures vanquished.

Notes
Turn   | Place    | Note
-------+----------+-------------------------------------------
     0 | D:1      | trckry the Barachi Warper began the quest for the Orb.
     0 | D:1      | Reached XP level 1. HP: 17/17 MP: 3/3
   150 | D:1      | Reached XP level 2. HP: 8/23 MP: 5/5
   158 | D:1      | HP: 2/23 [jackal (3)]
   160 | D:1      | Slain by a jackal

Illustrated notes

Levels and vault maps discovered:
D:1:      grunt_arrival_crossed_arrows, layout_basic,
          hellmonk_ecumenical_altar_crossroads, hex_medium

Skill      XL: |  1  2 |
---------------+-------+-----
Long Blades    | 3 |  3.0
Fighting       | |  2.4
Throwing       | |  1.0
Armour         | |  1.2
Dodging        | |  2.1
Spellcasting   | |  2.1
Translocations | |  3.6

Action                   || total
-------------------------++-------
Melee: Falchion          ||    39
Throw: Boomerang         ||     1
Armor: Leather armour    ||    16
Dodge: Dodged            ||    37
       Rpst.: Falchion   ||    12

Table legend: (Time is in decaauts)
 A = Elapsed time spent in this place.
 B = Non-inter-level travel time spent in this place.
 C = Inter-level travel time spent in this place.
 D = Time resting spent in this place.
 E = Time spent auto-exploring this place.
 F = Levels seen in this place.
 G = Mean time per level.
                   A        B        C        D        E       F      G
               +--------+--------+--------+--------+--------+-----+--------+
         Total |    184 |    184 |      0 |      0 |     67 |   1 |  184.0 |
       Dungeon |    184 |    184 |      0 |      0 |     67 |   1 |  184.0 |
               +--------+--------+--------+--------+--------+-----+--------+

Top non-repeatable levels by time:
     D:1: 184 daAuts
